Map: 애씨드 플랜트 - 래더

Players

PartinG - Winner!

  • Race: Protoss Protoss
  • League: Master
  • Spawn Location: 5:00

FanTaSy

  • Race: Terran Terran
  • League: Diamond
  • Spawn Location: 11:00

Event: HomeStory Cup XVII

VOD

Have the link to the VOD?

Description

Time

  • Played on: June 29, 2018, 11:46 a.m.
  • Length: 11:39

All games in this series

Show
View Real Time Build Order
Export as new Build Order

PartinG Protoss - Winner!

Build Orders: 1 Gate Expand 

Get SALT Encoding   

  12  0:00  Probe  
  13  0:12  Probe  
  14  0:18  Pylon  
  14  0:24  Probe  
  15  0:32  Probe  
  15  0:37  Gateway  
  15  0:40  Probe  
  16  0:46  Assimilator  
  17  0:51  Probe  
  18  1:03  Probe  
  19  1:15  Probe  
  20  1:24  Cybernetics Core  
  20  1:31  Nexus  
  20  1:40  Pylon  
  20  1:43  Warp Gate  
  20  1:46  Assimilator  
  20  1:47  Probe  
  20  1:51  Adept  
  24  2:01  Probe  
  24  2:08  Stalker  
  24  2:13  Probe  
  27  2:36  Probe  
  28  2:37  Stalker  
  30  2:47  Robotics Facility  
  30  3:02  Gateway  
  30  3:07  Stalker  
  30  3:17  Gateway  
  30  3:19  Probe x2  
  32  3:28  Warp Prism  
  32  3:38  Probe x2  
  36  3:45  Pylon  
  36  3:47  Stalker  
  38  3:50  Probe x2  
  40  4:02  Probe  
  41  4:08  Stalker  
  44  4:10  Observer  
  44  4:11  Probe  
  44  4:14  Probe  
  46  4:21  Stalker x2  
  46  4:23  Probe  
  51  4:25  Pylon  
  51  4:27  Probe  
  53  4:31  Observer  
  53  4:36  Probe  
  54  4:39  Pylon  
  54  4:46  Stalker x3  
  54  4:51  Probe  
  58  5:05  Probe x2  
  58  5:10  Stalker x3  
  61  5:16  Probe x2, Observer  
  61  5:24  Probe  
  61  5:25  Probe  
  61  5:33  Probe x2  
  63  5:39  Stalker, Pylon  
  63  5:40  Stalker  
  69  5:44  Probe  
  69  5:46  Pylon  
  69  5:49  Twilight Council  
  70  5:51  Probe  
  70  5:57  Probe  
  70  6:01  Blink  
  70  6:02  Stalker  
  70  6:03  Probe  
  70  6:07  Stalker x2  
  70  6:09  Assimilator, Probe  
  75  6:11  Assimilator  
  75  6:17  Probe  
  76  6:21  Probe  
  77  6:29  Probe  
  78  6:33  Probe  
  78  6:36  Nexus  
  78  6:48  Forge  
  78  6:59  Pylon  
  78  7:00  Pylon  
  78  7:01  Pylon  
  78  7:13  Pylon  
  78  7:17  Immortal, Probe x2  
  78  7:21  Protoss Ground Weapons Level 1  
  78  7:22  Stalker x3, Observer  
  86  7:27  Robotics Bay  
  86  7:48  Probe  
  86  7:49  Stalker x3  
  90  7:53  Probe  
  90  7:54  Probe  
  90  7:56  Probe  
  92  8:06  Probe  
  92  8:07  Probe x2  
  93  8:13  Stalker x2  
  93  8:14  Stalker  
  93  8:16  Immortal  
  87  8:29  Probe x2  
  87  8:31  Probe  
  86  8:35  Charge  
  86  8:40  Stalker x3  
  85  8:41  Probe  
  85  8:42  Probe  
  85  8:43  Probe  
  88  8:51  Disruptor  
  88  8:53  Probe  
  88  8:54  Probe  
  90  8:56  Probe  
  94  9:05  Gateway  
  94  9:06  Gateway, Probe x2  
  94  9:08  Gateway, Probe, Pylon  
  94  9:09  Protoss Ground Armor Level 1  
  97  9:14  Gateway  
  97  9:17  Disruptor  
  97  9:18  Probe x2  
  99  9:26  Gravitic Drive  
  99  9:30  Adept x3  
  108  9:37  Observer  
  108  9:39  Probe x2  
  108  9:41  Assimilator x2  
  110  9:45  Gateway  
  110  9:46  Observer  
  110  9:48  Gateway  
  110  9:55  Disruptor  
  113  10:01  Zealot x3  
  113  10:04  Nexus  
  119  10:08  Pylon  
  119  10:11  Pylon  
  119  10:15  Sentry x3  
  125  10:25  Stalker x4  
  133  10:30  Assimilator  
  133  10:31  Templar Archives  
  133  10:35  Assimilator  
  133  10:42  Zealot x3  
  139  10:49  Zealot x5  
  141  11:29  Zealot x9  
Show
View Real Time Build Order
Export as new Build Order

FanTaSy Terran 

Build Orders: Gas First Reaper Expand, Reaper Expand, Banshee Rush 

Get SALT Encoding   

  12  0:00  SCV  
  13  0:13  SCV  
  14  0:17  Supply Depot  
  14  0:25  SCV  
  15  0:28  Refinery  
  15  0:38  SCV  
  16  0:44  Barracks  
  16  0:50  SCV  
  17  1:02  SCV  
  18  1:14  SCV  
  19  1:31  Orbital Command, Reaper  
  20  1:52  Command Center  
  20  1:56  Factory  
  20  1:58  SCV  
  21  2:05  Refinery  
  21  2:06  Barracks Reactor  
  21  2:10  SCV  
  22  2:15  Supply Depot  
  22  2:22  SCV  
  23  2:37  SCV  
  23  2:42  Widow Mine, Starport  
  23  2:43  Marine x2  
  28  2:49  SCV  
  28  3:01  Marine x2, SCV  
  31  3:07  Factory Tech Lab  
  31  3:10  Orbital Command  
  30  3:13  SCV  
  30  3:19  Marine x2  
  33  3:25  SCV  
  34  3:37  SCV  
  34  3:38  Marine x2  
  37  3:42  Cloaking Field, SCV  
  37  3:43  Banshee  
  37  3:47  Refinery  
  41  3:50  Factory Tech Lab, SCV  
  42  3:58  SCV  
  42  3:59  Supply Depot  
  42  4:02  SCV  
  44  4:19  SCV x2  
  44  4:20  Siege Tank  
  44  4:22  Marine x2  
  51  4:25  Banshee  
  51  4:26  Supply Depot  
  51  4:29  Supply Depot  
  54  4:42  Marine x2  
  54  4:48  SCV  
  57  4:52  Siege Tank  
  51  5:00  Marine x2, SCV  
  51  5:01  Orbital Command  
  47  5:12  SCV  
  47  5:13  Banshee  
  51  5:18  Marine x2  
  53  5:24  SCV  
  53  5:28  SCV, Siege Tank  
  57  5:36  SCV  
  57  5:39  Marine x2  
  61  5:42  SCV  
  61  5:46  Supply Depot  
  61  5:48  SCV  
  62  5:50  Supply Depot  
  62  5:55  SCV  
  61  6:00  Marine x2  
  61  6:01  SCV  
  62  6:17  SCV  
  62  6:19  SCV  
  62  6:22  Marine x2  
  59  6:29  SCV  
  59  6:31  SCV  
  59  6:32  Command Center, Banshee  
  62  6:41  SCV  
  62  6:42  Marine  
  62  6:43  Siege Tank, Marine, SCV  
  69  6:54  SCV  
  70  6:55  SCV  
  71  7:03  Marine x2  
  71  7:05  Barracks  
  71  7:06  Barracks, SCV  
  71  7:07  SCV  
  72  7:18  SCV  
  72  7:19  SCV  
  73  7:23  Marine x2  
  73  7:26  Banshee  
  78  7:33  SCV  
  78  7:35  Engineering Bay x2, SCV  
  77  7:39  Siege Tank  
  77  7:46  SCV  
  77  7:47  SCV  
  78  7:53  Supply Depot  
  78  7:54  Supply Depot  
  78  7:55  Marine x2  
  78  7:58  SCV  
  81  7:59  SCV  
  79  8:08  Barracks Tech Lab  
  79  8:10  Barracks Tech Lab, SCV  
  79  8:11  SCV  
  77  8:19  Marine  
  66  8:20  Marine  
  66  8:22  SCV  
  66  8:23  SCV  
  66  8:24  Siege Tank  
  67  8:33  Combat Shields, Stimpack, Marauder x2  
  68  8:34  SCV  
  68  8:35  SCV  
  64  8:44  Terran Infantry Armor Level 1, Terran Infantry Weapons Level 1  
  64  8:46  Refinery  
  61  8:51  SCV x2  
  61  8:54  Orbital Command  
  63  8:58  Starport Reactor  
  63  8:59  Siege Tank  
  66  9:04  Marauder, Marine x2  
  66  9:05  Marauder  
  72  9:14  Barracks  
  72  9:15  Barracks  
  72  9:22  Marine x2  
  74  9:25  Marauder  
  74  9:26  Marauder  
  74  9:31  SCV x2  
  80  9:32  SCV  
  80  9:36  Armory  
  80  9:37  Medivac  
  82  9:39  Medivac  
  82  9:42  Marine x2  
  82  9:43  Factory Reactor  
  86  9:46  Supply Depot  
  86  9:47  Marauder  
  86  9:48  Supply Depot, SCV x2  
  86  9:51  Concussive Shells  
  88  10:00  Marine x2, Marauder  
  88  10:07  Viking  
  94  10:09  Medivac  
  94  10:10  Orbital Command  
  96  10:19  Widow Mine x2  
  96  10:20  Supply Depot  
  100  10:23  Marauder x3, Marine x2  
  100  10:24  Marauder  
  110  10:35  SCV x2  
  112  10:37  Refinery  
  112  10:39  SCV  
  112  10:41  Marine x2  
  112  10:42  Refinery  
  112  10:55  Marauder  
  112  10:56  Marauder x2  
  112  10:57  Marine x2  
  112  11:00  SCV x3  
  112  11:04  Supply Depot  
  117  11:05  Supply Depot  
  106  11:15  Marine x2  
  106  11:16  Marine x2  
  106  11:17  Marauder x3  
  116  11:20  SCV x3  
Tags
 
Add a new tag
Caveats
  • Supply blocks, unpowered buildings, or Contaminate may cause inaccurate times.
  • Supply counts are checked every 10 seconds.